 Dungeon Crawl Stone Soup version 0.30-a0-223-gcb0039aa0c (webtiles) character file.

Game seed: 4091666252437852014

386 nono the Trooper (level 6, -2/49 HPs)
             Began as a Mummy Fighter on Oct 9, 2022.
             Slain by an iguana (9 damage)
             ... on level 5 of the Dungeon.
             The game lasted 00:08:42 (3421 turns).

nono the Trooper (Mummy Fighter)                    Turns: 3421, Time: 00:08:43

Health: -2/49      AC: 12    Str: 22    XL:     6   Next: 48%
Magic:  6/6        EV:  9    Int:  7    God:
Gold:   40         SH:  4    Dex: 11    Spells: 5/5 levels left

rFire   x . .      SeeInvis .    a - +0 trident
rCold   + . .      Faith    +    c - +0 buckler
rNeg    + + +      Spirit   .    b - +0 scale mail
rPois   ∞          Reflect  .    (no helmet)
rElec   .          Harm     .    q - +2 cloak {rCorr}
rCorr   +          Rampage  .    r - +0 pair of gloves
Will    .....                    e - +0 pair of boots
Stlth   ..........               (no amulet)
HPRegen 0.28/turn                (no ring)
MPRegen 0.10/turn                (no ring)

@: no status effects
A: cold resistance 1, negative energy resistance 3, torment resistance 2, heat
vulnerability 1, in touch with death 1, no potions, faith
a: no special abilities


You were on level 5 of the Dungeon.
You visited 1 branch of the dungeon, and saw 5 of its levels.

You collected 242 gold pieces.
You spent 202 gold pieces at shops.

Inventory:

Hand Weapons
 a - a +0 trident (weapon)
 k - a +0 dagger of flaming
 o - a +3 whip
Armour
 b - a +0 scale mail (worn)
 c - a +0 buckler (worn)
 e - a +0 pair of boots (worn)
 q - a +2 cloak of preservation (worn)
 r - a +0 pair of gloves (worn)
Jewellery
 i - a ring of ice
Wands
 h - a wand of flame (19)
Scrolls
 d - 2 scrolls of enchant armour
 f - a scroll of summoning
 g - a scroll of vulnerability
 j - a scroll of magic mapping
 l - 2 scrolls of fear
 m - 2 scrolls of fog {unknown}
 n - a scroll of noise {unknown}
 p - a scroll of amnesia {unknown}


   Skills:
 + Level 4.5 Fighting
 + Level 3.1 Polearms
 + Level 3.7 Armour
 + Level 3.6 Shields


You had 5 spell levels left.
You didn't know any spells.
Your spell library was empty.

Dungeon Overview and Level Annotations

Branches:
Dungeon (5/15)
 Temple: D:4-7

Altars:

Shops:
D:3 [


Innate Abilities, Weirdness & Mutations

You are immune to poison.
Your flesh is cold resistant. (rC+)
You are immune to negative energy. (rN+++)
You are immune to unholy pain and torment.
You are vulnerable to heat. (rF-)
You are in touch with the powers of death.
You do not drink.
You have a special connection with the divine. (Faith)


Message History

You now have 40 gold pieces (gained 12).
Found a stone staircase leading up.
There is a stone staircase leading down here.
There is a stone staircase leading up here.
An iguana comes into view.
The iguana hisses angrily.
Found a steel ring.
Found 12 gold pieces.
You barely miss the iguana. The iguana bites you.
You hit the iguana but do no damage. The iguana bites you.
You completely miss the iguana. The iguana bites you.
You closely miss the iguana.
The iguana bites you but does no damage. x2
You hit the iguana but do no damage.
The iguana bites you but does no damage.
You closely miss the iguana. The iguana bites you!
You hit the iguana.
The iguana is moderately wounded.
The iguana bites you.
You barely miss the iguana.
The iguana is moderately wounded.
The iguana bites you.
You are too injured to fight recklessly!
You are too injured to fight recklessly!
You are too injured to fight recklessly!
You are too injured to fight recklessly!
You hit the iguana but do no damage.
The iguana is moderately wounded.
The iguana bites you!
* * * LOW HITPOINT WARNING * * *
The iguana barely misses you.
You hit the iguana but do no damage.
The iguana is moderately wounded.
The iguana bites you.
* * * LOW HITPOINT WARNING * * *
You can't drink.
You hit the iguana but do no damage.
The iguana is moderately wounded.
The iguana bites you!
You die...

.........# #.....#####.
.##.####.###.#.#.#
..#.#........#.#.#
.....###>..###.#<# .....
##†...).#.##
.#...####..#......#
.......##...#.##..####..
.......#...###...........
.....<......#.##@##.###..
.#.........#.##.l....#
#.........#.##....=.#
##.#..###.# ...........
#.#..# .# ...........
.##.#..###.#............
......................#.
......................#
.................$.....


You could see an iguana.

Vanquished Creatures
  A necrophage (D:4)
  2 hounds
  An orc priest (D:4)
  2 iguanas
  2 orc wizards (D:4)
  4 gnolls
  2 adders
  2 worms (D:2)
  2 dart slugs (D:1)
  9 orcs
  3 bats
  3 endoplasms
  6 goblins
  6 hobgoblins
  3 jackals (D:1)
  4 kobolds
  3 quokkas
  9 ball pythons
  A frilled lizard (D:1)
  3 rats
68 creatures vanquished.

Notes
Turn   | Place    | Note
-------+----------+-------------------------------------------
     0 | D:1      | nono the Mummy Fighter began the quest for the Orb.
     0 | D:1      | Reached XP level 1. HP: 18/18 MP: 1/1
   274 | D:1      | Reached XP level 2. HP: 24/24 MP: 2/2
   320 | D:1      | Found a faded altar of an unknown god.
   860 | D:2      | Gained mutation: You are in touch with the powers of death.
                  | [Mummy growth]
   860 | D:2      | Reached XP level 3. HP: 28/29 MP: 3/3
  1822 | D:3      | Identified the +1 leather armour of the Beginning {Int+2}
  1825 | D:3      | Found Tigo Itogh's Antique Armour Boutique.
  2020 | D:3      | Reached XP level 4. HP: 36/36 MP: 4/4
  2237 | D:4      | Noticed a necrophage
  2491 | D:4      | Reached XP level 5. HP: 22/42 MP: 5/5
  2554 | D:4      | Reached skill level 4 in Fighting
  2985 | D:3      | Bought a glowing cloak for 202 gold pieces
  3038 | D:4      | Reached XP level 6. HP: 39/48 MP: 6/6
  3248 | D:5      | Entered Level 5 of the Dungeon
  3421 | D:5      | Slain by an iguana

Illustrated notes

Levels and vault maps discovered:
D:1:      amcnicky_arrival_blooded_trapdoor, layout_basic,
          nicolae_ecumenical_snake_handling
D:2:      layout_loops_corners, minmay_pentomino_s2
D:3:      layout_rooms, serial_shops, nicolae_shop_crystal
D:4:      layout_basic, serial_glass, glass_columns_c, glass_columns_c
D:5:      layout_loops_ring, grunt_temple_overflow_diamond

Skill      XL: |  1  2  3  4  5  6 |
---------------+-------------------+-----
Polearms       | 2 3 |  3.1
Armour         | 3 |  3.7
Shields        | 3 |  3.6
Fighting       | 4 |  4.5

Action                   |  1- 3 |  4- 6 || total
-------------------------+-------+-------++-------
Melee: Trident           |   144 |   153 ||   297
  Use: Scroll            |     3 |     2 ||     5
Armor: Scale mail        |    60 |    57 ||   117
Dodge: Dodged            |    70 |    68 ||   138
Block: Buckler           |    24 |    29 ||    53

Table legend: (Time is in decaauts)
 A = Elapsed time spent in this place.
 B = Non-inter-level travel time spent in this place.
 C = Inter-level travel time spent in this place.
 D = Time resting spent in this place.
 E = Time spent auto-exploring this place.
 F = Levels seen in this place.
 G = Mean time per level.
                   A        B        C        D        E       F      G
               +--------+--------+--------+--------+--------+-----+--------+
         Total |   3489 |   3294 |    195 |    224 |   2243 |   5 |  697.8 |
       Dungeon |   3489 |   3294 |    195 |    224 |   2243 |   5 |  697.8 |
               +--------+--------+--------+--------+--------+-----+--------+

Top non-repeatable levels by time:
     D:4: 905 daAuts
     D:1: 867 daAuts
     D:2: 838 daAuts
     D:3: 716 daAuts
     D:5: 162 daAuts
